 Dungeon Crawl Stone Soup version 0.31-a0-152-g6aa68a64a1 (webtiles) character file.

Game seed: 12133322010874247313

4694 Elmgren the Fighter (level 10, 0/95 HPs)
             Began as a Minotaur Berserker on June 9, 2023.
             Was a Priest of Trog.
             Slain by an orc warrior
             ... wielding a +0 battleaxe
             ... led by an orc knight
              (10 damage)
             ... on level 9 of the Dungeon.
             The game lasted 00:33:21 (10661 turns).

Elmgren the Fighter (Minotaur Berserker)           Turns: 10661, Time: 00:33:22

Health: 0/95       AC: 16    Str: 27    XL:     10   Next: 21%
Magic:  9/9        EV: 15    Int:  4    God:    Trog [***...]
Gold:   509        SH:  0    Dex: 17    Spells: 9/9 levels left

rFire   . . .        x - +4 rapier of Huujile {spect, rElec}
rCold   + . .        l - orb {*Rage}
rNeg    . . .        F - +3 chain mail
rPois   .            (helmet restricted)
rElec   +            (no cloak)
rCorr   .            s - +0 pair of gloves
SInv    .            (no boots)
Will    .....        (no amulet) Stlth
                     t - ring of Bisoid {rElec EV+5 Dex+8}
HPRegen 0.35/turn    m - ring of protection from cold
MPRegen 0.11/turn

%: random rage (20%)
@: on berserk cooldown, slowed, very slow
A: horns 2, retaliatory headbutt
a: Renounce Religion, Berserk, Trog's Hand


You were on level 9 of the Dungeon.
You worshipped Trog.
Trog was most pleased with you.
You visited 3 branches of the dungeon, and saw 11 of its levels.

You collected 509 gold pieces.

Inventory:

Hand Weapons
 h - a +3 whip
 p - a +5 flail of freezing
 x - the +4 rapier of Huujile (weapon) {spect, rElec}
   (You found it on level 7 of the Dungeon)

   rElec:     It insulates you from electricity.
 G - a +2 vampiric hand axe
Missiles
 C - 2 throwing nets
Armour
 l - an orb of wrath (worn)
 s - a +0 pair of gloves (worn)
 y - a +0 ring mail of fire resistance
 B - a +0 ring mail of cold resistance
 F - a +3 chain mail (worn)
 H - a +0 plate armour
Jewellery
 m - a ring of protection from cold (right hand)
 t - the ring of Bisoid (left hand) {rElec EV+5 Dex+8}
   (You found it on level 6 of the Dungeon)

   [ring of evasion]

   EV:        It affects your evasion (+5).
   Dex:       It affects your dexterity (+8).
   rElec:     It insulates you from electricity.
Wands
 w - a wand of digging (8)
 D - a wand of iceblast (4)
Scrolls
 a - a scroll of enchant armour {unknown}
 c - a scroll of fear
 d - a scroll of immolation
 i - a scroll of blinking {unknown}
 o - 2 scrolls of identify
 q - a scroll of noise
 r - 2 scrolls of torment
 A - a scroll of poison {unknown}
 E - a scroll of teleportation
Potions
 b - 3 potions of attraction
 e - a potion of resistance {unknown}
 f - a potion of lignification
 g - a potion of invisibility
 j - 2 potions of mutation
 k - 5 potions of brilliance
 n - a potion of heal wounds {unknown}
 u - a potion of berserk rage {unknown}
 v - 2 potions of curing {unknown}
 z - a potion of haste


   Skills:
 + Level 11.1 Fighting
 + Level 5.2 Short Blades
 - Level 9.3 Axes
 + Level 10.6 Armour
 - Level 2.1 Dodging


You had 9 spell levels left.
You didn't know any spells.
Your spell library was empty.

Dungeon Overview and Level Annotations

Branches:
Dungeon (9/15) Zot: 24580  Temple (1/1) D:5 Zot: 5826     Orc (1/2) D:9 Zot: 5968
   Lair: D:8-11

Altars:
Ashenzari
Cheibriados
Dithmenos
Elyvilon
Fedhas
Gozag
Hepliaklqana
Kikubaaqudgha
Makhleb
Nemelex Xobeh
Okawaru
Qazlal
Ru
Sif Muna
Trog
Uskayaw
Vehumet
Wu Jian
Xom
Yredelemnul
Zin
The Shining One

Shops:
D:2 =


Innate Abilities, Weirdness & Mutations

You have a pair of horns on your head.
You reflexively headbutt those who attack you in melee.


Message History

The orc wizard casts a spell at you.
You easily resist.
The orc priest barely misses you. You furiously retaliate!
You headbutt the orc priest!
You kill the orc priest!
Trog accepts your kill.
The orc warrior hits you with a +0 battleaxe!
You climb upwards.
Welcome back to the Dungeon!
There is a staircase to the Orcish Mines, spattered with blood here.
You're still recovering from your berserk rage.
You puncture the orc warrior!
The orc warrior is moderately wounded.
The orc warrior hits you but does no damage.
The orc warrior hits you with a +0 battleaxe.
You hit the orc warrior but do no damage.
Your headbutt misses the orc warrior.
The orc warrior is moderately wounded.
The orc warrior hits you with a +0 battleaxe!
You puncture the orc warrior!
The orc warrior is heavily wounded.
The orc warrior hits you with a +0 battleaxe!
* * * LOW HITPOINT WARNING * * *
The orc warrior hits you but does no damage.
You hit the orc warrior but do no damage.
You headbutt the orc warrior, but do no damage.
The orc warrior is heavily wounded.
The orc warrior hits you with a +0 battleaxe!
* * * LOW HITPOINT WARNING * * *
What are your orders? t - Shout!
Orders for allies: a - Attack new target. r - Retreat! s - Stop attacking. g - Guard the area. f - Follow me.
Anything else - Cancel.
Okay, then.
Okay, then.
You hit the orc warrior.
The orc warrior is severely wounded.
The orc warrior hits you with a +0 battleaxe!
You die...

.................................
#######....####.#####'#####......
......#....'.....................
......#....#.≈≈≈≈≈≈≈≈≈≈≈≈≈≈≈≈≈≈≈≈
......#....'.≈≈≈≈≈≈≈≈≈≈≈≈≈≈≈≈≈≈≈≈
......#......≈≈##################
......######.≈≈#o≈...............
.............≈≈###...............
....<........≈≈#@o........8......
.............≈≈###...[...........
#............≈≈#o≈...[...........
#...########.≈≈##################
#...#........≈≈≈≈≈≈≈≈≈≈≈≈≈≈≈≈≈≈≈≈
#...#........≈≈≈≈≈≈≈≈≈≈≈≈≈≈≈≈≈≈≈≈
#...#............................
#...######+##..####..............
#..............# ##.............


You could see an orc warrior (strong).

Vanquished Creatures
  Pikel (D:6)
  Sigmund (D:5)
  A wraith (D:9)
  Eustachio (D:4)
  2 steam dragons (D:7)
  Menkaure (D:6)
  An acid dragon (D:9)
  3 water moccasins
  7 orc warriors (D:9)
  A sky beast (D:6)
  4 ogres
  2 centaurs (D:9)
  A phantom (D:4)
  4 lemures (D:6)
  A bullfrog (D:6)
  A kobold brigand (D:9)
  A scorpion (D:5)
  A gnoll sergeant (D:9)
  8 wights
  3 electric eels (D:9)
  A howler monkey (D:8)
  4 hounds
  3 jellies
  6 orc priests
  A gnoll bouda (D:8)
  A sleepcap (D:7)
  Jessica (D:2)
  3 iguanas
  6 orc wizards
  Robin (D:2)
  7 adders
  11 gnolls
  2 shadow imps (D:6)
  24 orcs
  3 ball pythons
  5 endoplasms
  A giant cockroach (D:2)
  13 goblins
  8 hobgoblins
  16 kobolds
  6 quokkas
  3 bats
  4 frilled lizards
  A rat (D:2)
176 creatures vanquished.

Notes
Turn   | Place    | Note
-------+----------+-------------------------------------------
     0 | D:1      | Elmgren the Minotaur Berserker began the quest for the Orb.
     0 | D:1      | Reached XP level 1. HP: 19/19 MP: 0/0
   308 | D:1      | Reached XP level 2. HP: 27/27 MP: 1/1
   584 | D:2      | Found a transporter.
   586 | D:2      | Found Xebietw Tacs's Jewellery Shoppe.
   602 | D:2      | Noticed Jessica
   607 | D:2      | Killed Jessica
   608 | D:2      | Reached skill level 4 in Fighting
   608 | D:2      | Reached XP level 3. HP: 33/33 MP: 2/2
   817 | D:2      | Found a transporter.
   983 | D:2      | Reached XP level 4. HP: 37/41 MP: 3/3
  1005 | D:2      | Noticed Robin
  1012 | D:2      | Killed Robin
  1012 | D:2      | Reached ** piety under Trog
  2186 | D:3      | Reached skill level 5 in Fighting
  2186 | D:3      | Reached skill level 5 in Axes
  2186 | D:3      | Reached XP level 5. HP: 45/48 MP: 4/4
  2325 | D:4      | Noticed Eustachio
  2341 | D:4      | Killed Eustachio
  2342 | D:4      | Reached XP level 6. HP: 56/56 MP: 5/5
  2674 | D:4      | Reached skill level 5 in Armour
  2844 | D:4      | Reached skill level 6 in Fighting
  2964 | D:4      | Reached XP level 7. HP: 50/64 MP: 6/6
  3877 | D:5      | Entered Level 5 of the Dungeon
  4217 | D:5      | Found a staircase to the Ecumenical Temple.
  4228 | Temple   | Entered the Ecumenical Temple
  4528 | D:5      | Reached skill level 7 in Fighting
  4774 | D:5      | Noticed Sigmund
  4792 | D:5      | Killed Sigmund
  4793 | D:5      | Reached XP level 8. HP: 73/73 MP: 7/7
  5232 | D:6      | Noticed Pikel
  5259 | D:6      | Killed Pikel
  5260 | D:6      | Reached skill level 8 in Fighting
  5417 | D:6      | Noticed Menkaure
  5441 | D:6      | Killed Menkaure
  5735 | D:6      | Reached skill level 9 in Fighting
  5944 | D:6      | Identified the ring of Bisoid {rElec EV+5 Dex+8}
  6138 | D:7      | Reached XP level 9. HP: 81/83 MP: 8/8
  6514 | D:7      | Identified the +4 rapier of Huujile {spect, rElec}
  6640 | D:7      | Found an ancient bone altar of Kikubaaqudgha.
  6640 | D:7      | Found a snail-covered altar of Cheibriados.
  6721 | D:7      | Reached skill level 1 in Short Blades
  7547 | D:8      | Found a glowing golden altar of the Shining One.
  8351 | D:9      | Reached skill level 10 in Fighting
  9066 | D:9      | Reached *** piety under Trog
  9183 | D:9      | Reached skill level 10 in Armour
  9699 | D:9      | Reached XP level 10. HP: 94/94 MP: 9/9
  9994 | D:9      | Found a staircase to the Orcish Mines.
 10169 | Orc:1    | Entered Level 1 of the Orcish Mines
 10179 | D:9      | Reached skill level 5 in Short Blades
 10432 | D:9      | Reached skill level 11 in Fighting
 10643 | Orc:1    | Noticed an orc knight
 10661 | D:9      | Slain by an orc warrior

Illustrated notes

Levels and vault maps discovered:
D:1:      minmay_arrival_five_plusses, layout_basic, chequers_jeans,
          chequers_serial_rivers_marsh, dreamdust_wishing_well
D:2:      layout_basic, serial_shops, nicolae_shop_drivethru,
          guppyfry_early_orc_mine, uniq_jessica, uniq_robin
D:3:      layout_basic, uniq_natasha
D:4:      layout_basic, uniq_eustachio
D:5:      layout_cave_pools, temple_hall, uniq_sigmund
D:6:      layout_cave_pods, uniq_pikel, uniq_menkaure
D:7:      layout_rooms, gammafunk_temple_overflow_statue,
          minmay_misc_feat_hallway
D:8:      layout_gridville, tso_metal_star, chequers_serial_rivers_micro_e
D:9:      layout_irregular_city, erik_orc_2
Temple:   compressed_dpeg_triangle_lava_temple
Orc:1:    layout_caves

Skill      XL: |  1  2  3  4  5  6  7  8  9 10 |
---------------+-------------------------------+-----
Fighting       | 4 5 6 7 9 10 11 | 11.1
Axes           | 4 5 6 7 8 9 |  9.3
Armour         | 3 4 5 6 8 10 | 10.6
Short Blades   | 4 5 |  5.2
Dodging        | |  2.1

Action                     |  1- 3 |  4- 6 |  7- 9 | 10-12 || total
---------------------------+-------+-------+-------+-------++-------
  Melee: Hand axe          |    50 |    85 |   169 |       ||   304
         Headbutt          |     7 |    14 |    52 |    13 ||    86
         Punch             |     1 |       |     2 |       ||     3
         Rapier            |       |       |   107 |    55 ||   162
 Invoke: Berserk           |     1 |     2 |     5 |       ||     8
         Trog's Hand       |       |     1 |       |       ||     1
    Use: Scroll            |       |     4 |     9 |       ||    13
 Armour: Ring mail         |    18 |    12 |    32 |     2 ||    64
         Leather armour    |       |    12 |    12 |       ||    24
         Chain mail        |       |       |    59 |    12 ||    71
  Dodge: Dodged            |    33 |    53 |   149 |    46 ||   281

Table legend: (Time is in decaauts)
 A = Elapsed time spent in this place.
 B = Non-inter-level travel time spent in this place.
 C = Inter-level travel time spent in this place.
 D = Time resting spent in this place.
 E = Time spent auto-exploring this place.
 F = Levels seen in this place.
 G = Mean time per level.
                   A        B        C        D        E       F      G
               +--------+--------+--------+--------+--------+-----+--------+
         Total |  10885 |  10562 |    323 |   3189 |   5869 |  11 |  989.5 |
       Dungeon |  10680 |  10368 |    312 |   3189 |   5721 |   9 | 1186.7 |
        Temple |    173 |    162 |     11 |      0 |    148 |   1 |  173.0 |
  Orcish Mines |     31 |     31 |      0 |      0 |      0 |   1 |   31.0 |
               +--------+--------+--------+--------+--------+-----+--------+

Top non-repeatable levels by time:
     D:9: 2418 daAuts
     D:4: 1555 daAuts
     D:7: 1359 daAuts
     D:6: 1257 daAuts
     D:2: 1067 daAuts
     D:8: 900 daAuts
     D:5: 829 daAuts
     D:3: 741 daAuts
     D:1: 552 daAuts
  Temple: 173 daAuts
   Orc:1: 31 daAuts
